 Dungeon Crawl Stone Soup version 0.31-a0-1278-g11c5b68f87 (webtiles) character file.

Game seed: 3620208620468879092

72 voltaire321 the Sneak (level 4, 0/28 HPs)
             Began as an Octopode Earth Elementalist on Dec 18, 2023.
             Slain by a sleepcap (3 damage)
             ... on level 3 of the Dungeon.
             The game lasted 00:04:12 (2200 turns).

voltaire321 the Sneak (Octopode Earth Elementalist) Turns: 2200, Time: 00:04:12

Health: 0/28       AC:  1    Str:  7    XL:     4   Next: 25%
Magic:  3/7        EV: 13    Int: 25    God:
Gold:   127        SH:  0    Dex: 12    Spells: 2/8 levels left

rFire   . . .        g - +0 spear
rCold   . . .        (no shield)
rNeg    . . .        (helmet restricted)
rPois   .            (no amulet)
rElec   .            l - +6 ring of intelligence
rCorr   .            (no ring)
SInv    .            (no ring)
Will    .....        (no ring)
Stlth   +++          (no ring)
HPRegen 0.24/turn    (no ring)
MPRegen 0.10/turn    (no ring)
                     (no ring)

%: no passive effects
@: no status effects
A: almost no armour, amphibious, 8 rings, camouflage 1, gelatinous body 1,
(nimble swimmer 1), tentacles
a: no special abilities


You were on level 3 of the Dungeon.
You visited 1 branch of the dungeon, and saw 3 of its levels.

You collected 127 gold pieces.

Inventory:

Hand Weapons
 g - a +0 spear (weapon)
Jewellery
 l - a +6 ring of intelligence (left tentacle)
Scrolls
 c - a scroll of torment {unknown}
 e - a scroll of teleportation {unknown}
 h - 2 scrolls of immolation {unknown}
 i - a scroll of noise {unknown}
 j - a scroll of fear {unknown}
 o - a scroll of vulnerability {unknown}
 p - a scroll of identify {unknown}
 q - a scroll of summoning {unknown}
Potions
 a - a potion of magic
 b - a potion of cancellation {unknown}
 d - 3 potions of curing {unknown}
 f - 2 potions of might {unknown}
 k - a potion of brilliance {unknown}
 m - a potion of enlightenment {unknown}
 n - 2 potions of degeneration {unknown}


   Skills:
 + Level 1.3 Fighting
 + Level 2.6 Dodging
 + Level 3.5 Stealth
 + Level 2.5 Spellcasting
 + Level 0.1 Conjurations
 - Level 1.0 Transmutations
 + Level 3.4 Earth Magic


You had 2 spell levels left.
You knew the following spells:

 Your Spells              Type           Power      Damage    Failure   Level
a - Sandblast             Erth           40%        2d10      2%          1
b - Passwall              Tmut/Erth      11%        N/A       6%          2
c - Stone Arrow           Conj/Erth      24%        3d8       16%         3

Your spell library contained the following spells:

 Spells                   Type           Power      Damage    Failure   Level
 Inner Flame              Hex/Fire       3%         N/A       32%         3
 Petrify                  Tmut/Erth      14%        N/A       38%         4
 Brom's Barrelling Bould  Conj/Erth      12%        2d4       45%         4
 Flame Wave               Conj/Fire      3%         2d5       71%         4
 Sticky Flame             Conj/Fire      3%         2d3       71%         4


Dungeon Overview and Level Annotations

Branches:
Dungeon (3/15)

Altars:


Innate Abilities, Weirdness & Mutations

You cannot wear most types of armour.
You are amphibious.
You can wear up to eight rings at the same time.
Your skin changes colour to match your surroundings (Stealth+).
Your rubbery body absorbs attacks. (AC +1, EV +1)
((You are camouflaged when in or above water. (Stealth+)))
You have tentacles for arms and can constrict up to eight enemies at once.


Message History

Aiming: Sandblast (safe; 2% risk of failure)
Press: ? - help, Q - select action, (/) - cycle Shift-Dir - straight line, f/p - sleepcap
Aim: a sleepcap (heavily damaged, 100% to hit)
The blast of sand hits the sleepcap.
The sleepcap is severely damaged.
The sleepcap closely misses you. The sleepcap releases spores at you.
* * * LOW HITPOINT WARNING * * *
You are engulfed in a cloud of soporific spores!
You fall asleep.
The sleepcap completely misses you. The sleepcap releases spores at you.
You wake up.
* * * LOW HITPOINT WARNING * * *
You are engulfed in a cloud of soporific spores!
You are unaffected.
You hit the sleepcap but do no damage. You grab the sleepcap.
The sleepcap is severely damaged.
You constrict the sleepcap. The sleepcap releases spores at you.
* * * LOW HITPOINT WARNING * * *
You are engulfed in a cloud of soporific spores!
You are unaffected.
You hit the sleepcap but do no damage.
The sleepcap is severely damaged.
You constrict the sleepcap, but do no damage.
The sleepcap barely misses you.
You hit the sleepcap but do no damage.
The sleepcap is severely damaged.
You constrict the sleepcap, but do no damage.
The sleepcap releases spores at you but does no damage.
You hit the sleepcap.
You squeeze the sleepcap, but do no damage.
The sleepcap is severely damaged.
You constrict the sleepcap, but do no damage.
The sleepcap barely misses you.
You hit the sleepcap.
You tentacle-slap the sleepcap, but do no damage.
You squeeze the sleepcap.
The sleepcap is almost destroyed.
You constrict the sleepcap, but do no damage.
The sleepcap releases spores at you.
You die...

###... #....#
###+#+#....#
...........+
#.........#
#.....)...#
#....f....# ...
#.....@...# ...
#.........# #####.#
#.........# #......
.......###.# #.....#
##########.# #
#.....# #.......#.#
#.....###
#######.#.###.....'..
#.............###
#...#.##.###'## #


You could see a sleepcap.

Vanquished Creatures
  3 adders (D:2)
  A dart slug (D:2)
  4 bats
  5 endoplasms
  2 giant cockroaches
  5 goblins
  4 hobgoblins
  A quokka (D:1)
  3 ball pythons
  4 frilled lizards
  4 kobolds
  3 rats (D:2)
39 creatures vanquished.

Notes
Turn   | Place    | Note
-------+----------+-------------------------------------------
     0 | D:1      | voltaire321 the Octopode Earth Elementalist began the quest
                  | for the Orb.
     0 | D:1      | Reached XP level 1. HP: 11/11 MP: 3/3
   168 | D:1      | Reached XP level 2. HP: 18/18 MP: 0/5
   695 | D:1      | Learned a level 2 spell: Passwall
  1142 | D:2      | Reached XP level 3. HP: 18/22 MP: 0/6
  1235 | D:2      | Reached skill level 1 in Fighting
  1235 | D:2      | HP: 1/23 [rat (2)]
  1586 | D:2      | Reached XP level 4. HP: 22/28 MP: 3/7
  1590 | D:2      | Learned a level 3 spell: Stone Arrow
  2200 | D:3      | Slain by a sleepcap

Illustrated notes

Levels and vault maps discovered:
D:1:      dpeg_arrival_water_temple_mockup, layout_basic
D:2:      layout_basic
D:3:      layout_basic, nicolae_overflow_hallway_of_the_gods, serial_shops,
          shop, shapermc_ecumenical_altar_petra, minmay_splitting_lines,
          serial_bayou_crossing

Skill      XL: |  1  2  3 |
---------------+----------+-----
Stealth        | 3 |  3.5
Fighting       | 1 |  1.3
Dodging        | |  2.6
Spellcasting   | |  2.5
Conjurations   | |  0.1
Transmutations | |  1.0
Earth Magic    | |  3.4

Action                     |  1- 3 |  4- 6 || total
---------------------------+-------+-------++-------
  Melee: Spear             |    15 |     5 ||    20
         Constrict         |     4 |     1 ||     5
         Tentacles         |     1 |     2 ||     3
         Punch             |       |     1 ||     1
   Cast: Sandblast         |    49 |    14 ||    63
   Stab: Sleeping          |     2 |       ||     2
 Armour: Skin              |    22 |     8 ||    30
  Dodge: Dodged            |    20 |     4 ||    24

Table legend: (Time is in decaauts)
 A = Elapsed time spent in this place.
 B = Non-inter-level travel time spent in this place.
 C = Inter-level travel time spent in this place.
 D = Time resting spent in this place.
 E = Time spent auto-exploring this place.
 F = Levels seen in this place.
 G = Mean time per level.
                   A        B        C        D        E       F      G
               +--------+--------+--------+--------+--------+-----+--------+
         Total |   2231 |   2181 |     50 |    141 |   1690 |   3 |  743.7 |
       Dungeon |   2231 |   2181 |     50 |    141 |   1690 |   3 |  743.7 |
               +--------+--------+--------+--------+--------+-----+--------+

Top non-repeatable levels by time:
     D:1: 1144 daAuts
     D:2: 800 daAuts
     D:3: 287 daAuts
